 Dungeon Crawl Stone Soup version 0.25-a0-35-g747a2b3c0c (webtiles) character file.

Game seed: 18024238427627336851, levelgen mode: deterministic

136730 Flugkiller the Severer (level 17, -1/122 HPs)
             Began as an Octopode Berserker on Oct 17, 2019.
             Was the Champion of Trog.
             Slain by a swamp worm (25 damage)
             ... on level 2 of the Swamp.
             The game lasted 00:54:35 (34809 turns).

Flugkiller the Severer (Octopode Berserker)        Turns: 34809, Time: 00:54:36

Health: -1/122     AC:  3    Str: 21    XL:     17   Next: 22%
Magic:  23/23      EV: 22    Int: 13    God:    Trog [******]
Gold:   2434       SH: 15    Dex: 16    Spells: 16/16 levels left

rFire    + + .     SeeInvis .   H - +7 broad axe (flame)
rCold    . . .     Gourm    .   P - +2 shield
rNeg     + . .     Faith    .   J - +2 hat {Int+3}
rPois    +         Spirit   .   (no amulet)
rElec    .         Reflect  .   a - +3 ring of strength
rCorr    .         Harm     .   A - ring of poison resistance
MR       +++..                  (no ring)
Stlth    +++.......             R - ring of protection from cold
HPRegen  1.30/turn              r - ring of fire
MPRegen  0.18/turn              u - ring of positive energy
                                Y - ring of Zaexuikh {+Blink rF+ Stlth-}
                                Z - ring of stealth

@: berserk cooldown, regenerating, slowed, very slow
A: almost no armour, stealthy swim, amphibious, 8 rings, constrict 8, camouflage
1, gelatinous body 1
a: Berserk, Trog's Hand, Brothers in Arms, Renounce Religion, Evoke Blink


You were on level 2 of the Swamp.
You worshipped Trog.
Trog was exalted by your worship.
You were near starving.

You visited 4 branches of the dungeon, and saw 25 of its levels.
You also visited: Bailey, Gauntlet and Volcano.

You collected 2955 gold pieces.
You spent 521 gold pieces at shops.

Inventory:

Hand Weapons
 H - a +7 broad axe of flaming (weapon)
   (You bought it in a shop on level 8 of the Dungeon)
Missiles
 j - 3 throwing nets
 o - 55 boomerangs (quivered)
 N - 25 javelins
 O - 8 silver boomerangs
Armour
 C - a +0 shield of reflection
   (You took it off Donald on level 1 of the Swamp)
 J - a +2 hat of intelligence (worn)
   (You took it off Gastronok on level 9 of the Dungeon)
 P - a +2 shield (worn)
   (You found it on level 4 of the Lair of Beasts)
 W - the +0 shield of a Thousand Yaks {rPois Regen+ Int-4}
   (You bought it in a shop on level 2 of the Orcish Mines)

   It affects your intelligence (-4).
   It protects you from poison.
   It increases your rate of regeneration.
Jewellery
 a - a +3 ring of strength (left tentacle)
   (You found it on level 5 of the Dungeon)
 n - the ring of the Country {rPois rF+ MR+ Int+5 Dex-4, unknown}
   (You found it on level 14 of the Dungeon)

   [ring of protection from fire]

   It affects your intelligence (+5).
   It affects your dexterity (-4).
   It protects you from fire.
   It protects you from poison.
   It affects your resistance to hostile enchantments.
 r - a ring of fire (on tentacle)
   (You found it in a Gauntlet)
 u - a ring of positive energy (on tentacle)
   (You found it on level 10 of the Dungeon)
 w - an uncursed ring of ice
   (You found it on level 5 of the Lair of Beasts)
 A - a ring of poison resistance (right tentacle)
   (You found it on level 6 of the Dungeon)
 R - a ring of protection from cold (on tentacle)
   (You found it on level 3 of the Lair of Beasts)
 Y - the ring of Zaexuikh (on tentacle) {+Blink rF+ Stlth-}
   (You took it off an orc on level 11 of the Dungeon)

   [ring of attention]

   It protects you from fire.
   It lets you blink.
   It makes you less stealthy.
 Z - a ring of stealth (on tentacle)
   (You found it on level 11 of the Dungeon)
Wands
 b - a wand of polymorph (21)
   (You found it on level 6 of the Dungeon)
 c - a wand of flame (17)
   (You found it on level 14 of the Dungeon)
 e - a wand of iceblast (28)
   (You found it on level 5 of the Dungeon)
 s - a wand of paralysis (16)
   (You took it off a crimson imp on level 6 of the Dungeon)
 D - a wand of enslavement (21)
   (You found it on level 7 of the Dungeon)
 E - a wand of disintegration (24)
   (You found it on level 8 of the Dungeon)
 M - a wand of clouds (6)
   (You took it off Maurice on level 9 of the Dungeon)
Scrolls
 f - a scroll of enchant weapon
 h - 9 scrolls of remove curse
 i - 2 scrolls of magic mapping
 l - a scroll of fog
 m - 12 scrolls of teleportation
 t - 6 scrolls of enchant armour
 v - 2 scrolls of immolation
 y - 5 scrolls of blinking
 B - 3 scrolls of summoning
 F - 3 scrolls of fear
 S - 3 scrolls of acquirement {unknown}
 T - a scroll of torment {unknown}
 V - a scroll of vulnerability
Potions
 g - 8 potions of heal wounds
 k - 7 potions of might
 p - 2 potions of cancellation
 q - 14 potions of curing
 x - 3 potions of haste
 G - 4 potions of mutation
 I - 2 potions of berserk rage
 K - 11 potions of agility
 L - 2 potions of ambrosia
 U - a potion of resistance
Miscellaneous
 z - a lamp of fire
   (You found it on level 14 of the Dungeon)
 Q - 2 phantom mirrors
Comestibles
 d - 34 rations


   Skills:
 + Level 13.1 Fighting
 - Level 15.0(16.0) Axes
   Level 10.1(13.6) Polearms
 - Level 10.0 Throwing
 + Level 13.1 Dodging
 - Level 12.0 Shields
 - Level 8.0 Evocations


You had 16 spell levels left.
You didn't know any spells.
Your spell library was empty.

Dungeon Overview and Level Annotations

Branches:
Dungeon (15/15)            Temple (0/1) D:7            Lair (6/6) D:9
  Swamp (2/4) Lair:2       Spider (0/4) Lair:3        Slime (0/5) Lair:6
    Orc (2/2) D:11            Elf (0/3) Orc:2        Vaults (0/5) D:13
 Depths (0/5) D:15         Bailey (visited)         Volcano (visited)
Gauntlet (visited)

Altars:
Dithmenos
Fedhas
Gozag
Uskayaw
Yredelemnul
The Shining One
Beogh
Jiyva

Shops:
D:5 [   D:6 [}(?   D:8 (   D:15 [   Orc:2 **([[

Annotations:
Lair:4 exclusion: 2 oklob plants
Swamp:2 Nikola


Innate Abilities, Weirdness & Mutations

You cannot wear most types of armour.
You are very stealthy in the water. (Stealth+)
You are amphibious.
You can wear up to eight rings at the same time.
You can use your tentacles to constrict eight enemies at once.
Your skin changes colour to match your surroundings (Stealth+).
Your rubbery body absorbs attacks. (AC +1, EV +1)


Message History

Unknown command.
Okay, then.
Unknown command.
You feel a strong urge to attack something.
Nikola closely misses you.
A swamp worm comes into view.
Unknown command.
You closely miss Nikola. Your grab misses Nikola. You squeeze Nikola.
Nikola is lightly wounded.
You slash Nikola! You burn Nikola. Your grab misses Nikola.
Nikola is lightly wounded.
Nikola hits you with a +0 rapier of electrocution!
* * * LOW HITPOINT WARNING * * *
You slice Nikola!! You burn Nikola! You grab Nikola.
Nikola is moderately wounded.
You constrict Nikola. You slice Nikola!! You burn Nikola!
Nikola is heavily wounded.
You constrict Nikola.
You hear a roar!
Nikola hits you with a +0 rapier of electrocution!
* * * LOW HITPOINT WARNING * * *
You are electrocuted!
* * * LOW HITPOINT WARNING * * *
You completely miss Nikola. You squeeze Nikola!
Nikola is heavily wounded.
You constrict Nikola.
Unknown command.
You slice Nikola!! You burn Nikola.
Nikola is severely wounded.
You constrict Nikola.
The swamp worm throws harpoon shot at you.
The harpoon shot hits you!
* * * LOW HITPOINT WARNING * * *
You lose your grip on Nikola.
You are yanked forward by the harpoon shot.
Floosh!
Nikola casts a spell.
Nikola blinks!
Found a scale mail.
You closely miss the swamp worm. You grab the swamp worm.
You constrict the swamp worm.
Unknown command.
You slash the swamp worm! You burn the swamp worm.
The swamp worm is heavily wounded.
You are no longer berserk.
You are exhausted.
You feel yourself slow down.
You constrict the swamp worm. The swamp worm bites you!!
You die...

.[.§≈≈≈≈≈≈≈≈≈.≈
..≈≈≈≈≈≈≈≈≈.≈..
..≈≈≈≈≈≈≈≈≈≈...
♣≈≈≈≈≈≈..≈≈≈.≈
♣≈..≈≈@.....♣♣≈
♣≈≈≈≈≈.......
♣.≈w≈≈≈.....
♣♣≈≈≈@≈≈.♣ ♣
♣♣≈..§≈≈≈.♣♣♣♣♣ ♣
♣.≈≈.≈≈≈≈....≈♣ ♣
≈
♣≈.§≈≈≈≈≈≈.§≈≈.♣.♣
≈
♣♣≈.≈≈≈≈≈≈≈.≈≈≈.♣
. ♣♣.§≈≈≈≈≈......♣
. ♣♣.≈≈≈≈≈†....♣.♣
. ♣♣
♣♣.≈≈≈≈≈≈†.≈≈..♣♣
♣ ♣..
♣.§≈≈≈≈≈≈..≈≈≈.♣


You could see Nikola and a swamp worm.

Vanquished Creatures
  Frances (D:14)
  Gastronok (D:9)
  Kirke (Swamp:1)
  Roxanne (D:15)
  Donald (Swamp:1)
  An orc warlord (Orc:2)
  A stone giant (Orc:2)
  A minotaur (Gauntlet)
  An ettin (D:14)
  A ghost crab (Swamp:1)
  3 vault guards (D:13)
  A rakshasa (D:14)
  Erica (D:9)
  13 hydras
  2 centaur warriors
  5 alligators
  A death knight (D:11)
  A catoblepas (Lair:6)
  7 two-headed ogres
  6 death yaks
  An ogre mage (D:15)
  A deep troll earth mage (D:14)
  2 tengu warriors
  An orc high priest (Orc:2)
  2 fire crabs
  A deep elf knight (D:15)
  3 skeletal warriors (D:13)
  An unseen horror (shapeshifter) (D:14)
  4 unseen horrors
  4 sixfirhies (Gauntlet)
  A flayed ghost (D:15)
  A wizard (D:13)
  A swamp dragon (Swamp:1)
  2 phantasmal warriors (D:14)
  4 orc knights
  An orb spider (Lair:3)
  4 necromancers (D:13)
  19 ugly things
  A wolf spider zombie (D:15)
  8 orc sorcerers
  5 deep elf magi
  4 cyclopes
  3 manticores
  6 elephants (Lair:6)
  3 black mambas
  Maurice (D:9)
  A naga mage (D:15)
  7 spiny frogs
  A molten gargoyle (Volcano)
  4 gargoyles
  9 komodo dragons
  2 rime drakes
  A yaktaur (D:14)
  5 kobold demonologists
  2 efreet (D:14)
  7 polar bears
  4 trolls
  2 tengu conjurers
  3 tyrant leeches
  A hornet (shapeshifter) (D:14)
  18 slime creatures
  4 bog bodies
  10 hippogriffs
  4 hornets
  5 blink frogs (Lair:4)
  3 flying skulls (Gauntlet)
  23 dream sheep
  A centaur simulacrum (D:15)
  Sigmund (D:4)
  A shadow (D:13)
  7 wyverns
  2 wraiths
  16 humans (D:13)
  50 yaks
  12 spriggans
  A fire elemental (Volcano)
  3 hogs (Swamp:1)
  A human (shapeshifter) (D:14)
  A basilisk (Lair:2)
  3 fire bats (Lair:4)
  A steam dragon (D:10)
  Grum (Lair:1)
  3 hungry ghosts
  14 vampire mosquitoes
  12 insubstantial wisps
  A warg (Orc:2)
  An acid dragon (D:15)
  5 swamp worms
  14 water moccasins
  8 porcupines
  Duvessa (D:6)
  4 swamp drakes
  2 ice beasts
  33 orc warriors
  3 black bears
  4 sky beasts
  26 wolves
  10 centaurs
  5 boggarts (Lair:6)
  7 phantoms
  An eye of draining (D:10)
  9 ogres
  11 crocodiles
  5 big kobolds
  Blork the orc (D:6)
  A gnoll sergeant (D:9)
  16 bullfrogs
  Dowan (D:6)
  4 scorpions
  4 wights (D:13)
  A howler monkey (D:12)
  An electric eel (Lair:6)
  8 crimson imps
  A bullfrog zombie (D:13)
  2 bullfrog skeletons
  2 centaur zombies
  2 centaur skeletons
  6 hounds
  3 jellies
  20 orc priests
  36 orc wizards
  Crazy Yiuf (D:6)
  3 iguanas
  13 worker ants
  4 worker ant zombies
  Robin (D:3)
  A howler monkey skeleton (D:10)
  18 adders
  7 gnolls
  3 shadow imps
  4 ufetubi (Gauntlet)
  3 oozes
  An adder skeleton (D:5)
  An adder zombie (D:6)
  A worm (D:3)
  3 dart slugs
  6 leopard geckos
  120 orcs
  3 ball pythons
  9 bats
  4 giant cockroaches
  9 hobgoblins
  12 jackals
  24 kobolds
  6 quokkas
  4 frilled lizards
  12 goblins
  A jackal skeleton (D:5)
  A leopard gecko zombie (D:6)
  9 rats
  A spectral orc (D:3)
  10 fungi
  A plant (Lair:4)
935 creatures vanquished.

Vanquished Creatures (collateral kills)
  A catoblepas (D:13)
  2 orc knights (Bailey)
  4 ugly things (D:15)
  A tengu conjurer (D:13)
  An orc warrior (Bailey)
  An orc (Bailey)
10 creatures vanquished.

Vanquished Creatures (others)
  2 humans (Swamp:1)
  An orc wizard (Orc:2)
  15 fungi
  22 plants
40 creatures vanquished.

Grand Total: 985 creatures vanquished

Notes
Turn   | Place    | Note
-------+----------+-------------------------------------------
     0 | D:1      | Flugkiller the Octopode Berserker began the quest for the
                  | Orb.
     0 | D:1      | Reached XP level 1. HP: 16/16 MP: 1/1
   145 | D:1      | Reached XP level 2. HP: 21/21 MP: 2/2
   546 | D:1      | Reached XP level 3. HP: 26/26 MP: 3/3
   602 | D:1      | Reached ** piety under Trog
  1169 | D:2      | Reached XP level 4. HP: 33/33 MP: 4/4
  1481 | D:2      | Found a faded altar of an unknown god.
  1748 | D:2      | Found a glowing golden altar of the Shining One.
  2013 | D:3      | Found a basalt altar of Yredelemnul.
  2063 | D:3      | Reached XP level 5. HP: 38/38 MP: 5/5
  2099 | D:3      | Noticed Robin
  2104 | D:3      | Killed Robin
  2194 | D:3      | Noticed a phantom
  2199 | D:3      | Reached *** piety under Trog
  2199 | D:3      | Reached skill level 5 in Fighting
  2199 | D:3      | Reached skill level 5 in Dodging
  2199 | D:3      | Reached XP level 6. HP: 20/45 MP: 6/6
  2376 | D:3      | Killed a phantom
  2886 | D:4      | Noticed a phantom
  2908 | D:4      | Killed a phantom
  2908 | D:4      | Reached XP level 7. HP: 42/52 MP: 7/7
  3108 | D:4      | Reached **** piety under Trog
  3395 | D:4      | Noticed Sigmund
  3402 | D:4      | Killed Sigmund
  3557 | D:4      | Reached XP level 8. HP: 58/58 MP: 8/8
  4219 | D:5      | Entered Level 5 of the Dungeon
  4241 | D:5      | Found Reeheucy's Antique Armour Shop.
  4269 | D:5      | Bought a buckler for 148 gold pieces
  5021 | D:5      | Reached skill level 5 in Polearms
  5021 | D:5      | Reached skill level 1 in Shields
  5344 | D:6      | Reached XP level 9. HP: 64/64 MP: 9/9
  5365 | D:6      | Found Xasitea's Armour Shoppe.
  5383 | D:6      | Noticed Dowan
  5384 | D:6      | Noticed Duvessa
  5395 | D:6      | Killed Dowan
  5405 | D:6      | Found a runed translucent door.
  5406 | D:6      | Noticed Crazy Yiuf
  5408 | D:6      | Killed Crazy Yiuf
  5602 | D:6      | Noticed Blork the orc
  5612 | D:6      | Killed Blork the orc
  5762 | D:6      | Reached ***** piety under Trog
  5857 | D:6      | Paralysed by a crimson imp for 7 turns
  6049 | D:6      | Found Ibiupoju's Gadget Shop.
  6059 | D:6      | Killed Duvessa
  6116 | D:6      | Reached skill level 1 in Evocations
  6681 | D:6      | Found Geip's Magic Scroll Shop.
  6852 | D:6      | Noticed a deep elf mage
  6864 | D:6      | Noticed a sun demon
  6865 | D:6      | Killed a deep elf mage
  6895 | D:6      | Found Wiyduwoh's Weapon Shoppe.
  7031 | D:7      | Found a flagged portal.
  7042 | D:7      | Reached XP level 10. HP: 53/71 MP: 12/12
  7057 | Bailey   | Entered a bailey
  7617 | Bailey   | Noticed an orc knight
  7932 | Bailey   | Killed an orc knight
  7991 | Bailey   | Noticed an orc knight
  7995 | Bailey   | Noticed an orc knight
  8033 | Bailey   | Killed an orc knight
  8033 | Bailey   | Reached skill level 10 in Polearms
  8033 | Bailey   | Reached skill level 5 in Evocations
  8069 | Bailey   | Noticed an orc knight
  8102 | Bailey   | Killed an orc knight
  8174 | Bailey   | Noticed an orc knight
  8200 | Bailey   | Killed an orc knight
  8404 | D:7      | Found a staircase to the Ecumenical Temple.
  8460 | D:7      | Found a shadowy altar of Dithmenos.
  8481 | D:7      | Noticed a gargoyle
  8495 | D:7      | Killed a gargoyle
  8638 | D:7      | Found a hide-covered altar of Uskayaw.
  9350 | D:8      | Found Zumasyis's Antique Weapon Shoppe.
  9358 | D:8      | Bought a glowing broad axe for 126 gold pieces
  9707 | D:9      | Noticed Gastronok
  9953 | D:9      | Killed Gastronok
  9953 | D:9      | Reached skill level 2 in Axes
  9953 | D:9      | Reached XP level 11. HP: 78/78 MP: 13/15
 10048 | D:9      | Found a staircase to the Lair.
 10263 | D:9      | Noticed Erica
 10272 | D:9      | Killed Erica
 10272 | D:9      | Reached skill level 3 in Axes
 10928 | D:9      | Found an opulent altar of Gozag.
 11229 | D:9      | Noticed Maurice
 11232 | D:9      | Killed Maurice
 11238 | D:9      | Reached skill level 4 in Axes
 11238 | D:9      | Reached skill level 10 in Dodging
 11383 | Lair:1   | Entered Level 1 of the Lair of Beasts
 12417 | Lair:1   | Noticed Grum
 12422 | Lair:1   | Reached skill level 5 in Axes
 12425 | Lair:1   | Killed Grum
 12762 | Lair:1   | Reached XP level 12. HP: 78/85 MP: 17/17
 12807 | Lair:1   | Reached skill level 6 in Axes
 13598 | Lair:1   | Reached skill level 7 in Axes
 13599 | Lair:1   | Received a gift from Trog
 13767 | Lair:2   | Noticed a death yak
 13768 | Lair:2   | Noticed a death yak
 13769 | Lair:2   | Noticed a death yak
 13770 | Lair:2   | Noticed a death yak
 13807 | Lair:1   | Killed a death yak
 13907 | Lair:2   | You fall into a shaft and drop 2 floors!
 13942 | Lair:4   | Reached skill level 5 in Shields
 14006 | Lair:4   | Found a dark tunnel.
 14015 | Volcano  | Entered a volcano
 14018 | Volcano  | Reached skill level 8 in Axes
 15132 | Lair:4   | Reached skill level 9 in Axes
 15416 | Lair:3   | Found a hole to the Spider Nest.
 15602 | Lair:3   | Noticed a six-headed hydra
 16002 | Lair:2   | Reached XP level 13. HP: 62/90 MP: 18/18
 16283 | Lair:2   | Reached skill level 10 in Axes
 16330 | Lair:2   | Found a staircase to the Swamp.
 17610 | Lair:5   | Found a gate leading to a gauntlet.
 17629 | Gauntlet | Entered a Gauntlet
 17629 | Gauntlet | Found a transporter.
 17629 | Gauntlet | Found a transporter.
 17629 | Gauntlet | Found a transporter.
 17630 | Gauntlet | Found a transporter.
 17634 | Gauntlet | Found a transporter.
 17636 | Gauntlet | Found a transporter.
 17641 | Gauntlet | Found a transporter.
 17642 | Gauntlet | Found a transporter.
 17643 | Gauntlet | Found a transporter.
 17645 | Gauntlet | Found a transporter.
 17647 | Gauntlet | Noticed a dire elephant
 17654 | Gauntlet | Found a transporter.
 17657 | Gauntlet | Found a transporter.
 17880 | Gauntlet | Got a smoking tin ring
 17883 | Gauntlet | Identified the ring "Hoapnen" {*Tele Int+5} (You found it
                  | in a Gauntlet)
 18162 | Gauntlet | Got a brightly glowing hat
 18165 | Gauntlet | Identified the cursed +0 hat of the True Pharaoh {rCorr}
                  | (You found it in a Gauntlet)
 18209 | Gauntlet | Identified the +9 flail "Elij" {crush, Dex+2}
 18209 | Gauntlet | Noticed a minotaur
 18246 | Gauntlet | Killed a minotaur
 19180 | Lair:5   | Reached skill level 11 in Axes
 19406 | Lair:6   | Entered Level 6 of the Lair of Beasts
 19422 | Lair:6   | Received a gift from Trog
 19919 | Lair:6   | Reached XP level 14. HP: 50/98 MP: 20/20
 20176 | Lair:6   | Reached skill level 10 in Fighting
 20679 | Lair:6   | Found a viscous altar of Jiyva.
 20680 | Lair:6   | Found a staircase to the Slime Pits.
 21686 | Lair:6   | Reached skill level 10 in Shields
 21804 | Lair:6   | Received a gift from Trog
 22008 | D:10     | Entered Level 10 of the Dungeon
 22113 | D:10     | Reached skill level 12 in Axes
 22256 | D:10     | Got a smoking hand crossbow
 22317 | D:10     | Got a warped flail
 22854 | D:11     | Identified the ring of Zaexuikh {+Blink rF+ Stlth-}
 22857 | D:11     | Found a staircase to the Orcish Mines.
 22860 | D:11     | Found a roughly hewn altar of Beogh.
 24246 | D:12     | Received a gift from Trog
 24351 | D:12     | Reached XP level 15. HP: 93/107 MP: 21/21
 25854 | D:13     | Found a gate to the Vaults.
 26317 | D:14     | Reached skill level 1 in Throwing
 26892 | D:14     | Found a blossoming altar of Fedhas.
 26964 | D:14     | Reached ****** piety under Trog
 27442 | D:14     | Reached skill level 13 in Axes
 27743 | D:14     | Noticed Frances
 27769 | D:14     | Killed Frances
 28001 | D:14     | Received a gift from Trog
 28250 | D:14     | Got a scorched trident {god gift}
 28452 | D:14     | Identified the +0 trident of the Vulture {freeze, Int+4
                  | Dex+2 SInv} (Trog gifted it to you on level 14 of the
                  | Dungeon)
 28455 | D:14     | Identified the +5 hand crossbow of the Hidden Vale {flame,
                  | rC+} (You found it on level 10 of the Dungeon)
 28458 | D:14     | Identified the +5 flail "Bewoxeuc" {flame, rF+} (You found
                  | it on level 10 of the Dungeon)
 28480 | D:14     | Got a faintly glowing pewter ring
 28725 | D:15     | Entered Level 15 of the Dungeon
 29020 | D:15     | Reached XP level 16. HP: 117/117 MP: 22/22
 29190 | D:15     | Found a staircase to the Depths.
 29194 | D:15     | Reached skill level 5 in Throwing
 29214 | D:15     | Got a faintly glowing morningstar
 29235 | D:15     | Identified the +8 morningstar of Classification {crush,
                  | *Rage rElec rN+} (You found it on level 15 of the Dungeon)
 29579 | D:15     | Noticed Roxanne
 29594 | D:15     | Killed Roxanne
 29594 | D:15     | Received a gift from Trog
 29755 | D:15     | Reached skill level 14 in Axes
 29943 | D:15     | Found Ydghiu Xoizue's Armour Shoppe.
 30096 | Orc:1    | Entered Level 1 of the Orcish Mines
 30190 | Orc:2    | Entered Level 2 of the Orcish Mines
 30190 | Orc:2    | Found a staircase to the Elven Halls.
 30190 | Orc:2    | Found Cicsiak's Assorted Antiques.
 30484 | Orc:2    | Received a gift from Trog
 30771 | Orc:2    | Found Hyane's General Store.
 30793 | Orc:2    | Found Ipothrif's Antique Armour Shoppe.
 30793 | Orc:2    | Found Xolegema's Armour Shoppe.
 30797 | Orc:2    | Found Bonopreq's Antique Weapon Emporium.
 30902 | Orc:2    | Received a gift from Trog
 31335 | Orc:2    | Bought a twisted shield for 247 gold pieces
 31345 | Orc:2    | Identified the +0 shield of a Thousand Yaks {rPois Regen+
                  | Int-4} (You bought it in a shop on level 2 of the Orcish
                  | Mines)
 31503 | Swamp:1  | Entered Level 1 of the Swamp
 31967 | Swamp:1  | Noticed Donald
 31984 | Swamp:1  | Killed Donald
 32061 | Swamp:1  | Noticed Kirke
 32072 | Swamp:1  | Killed Kirke
 33259 | Swamp:1  | Reached XP level 17. HP: 122/122 MP: 23/23
 33265 | Swamp:1  | Reached skill level 15 in Axes
 34203 | Swamp:2  | Received a gift from Trog
 34208 | Swamp:2  | Reached skill level 10 in Throwing
 34774 | Swamp:2  | Received a gift from Trog
 34787 | Swamp:2  | Noticed Nikola
 34809 | Swamp:2  | Slain by a swamp worm

Levels and vault maps discovered:
D:1:      roderic_chinese_lattice_arrival, layout_basic
D:2:      layout_basic, chequers_ecumenical_altar_lobes, tso_altar
D:3:      layout_loops_ring, yredelemnul_forgotten_temple_becter, first_ration,
          uniq_robin
D:4:      layout_loops_ring, uniq_sigmund
D:5:      layout_basic, serial_rivers, chequers_serial_rivers_small_a,
          chequers_serial_rivers_micro_d, chequers_serial_rivers_room_b,
          chequers_serial_rivers_micro_e, serial_shops, shop
D:6:      nicolae_whirlpool, layout_basic, serial_shops, shop,
          nicolae_shop_trees, shop, kennysheep_little_box,
          guppyfry_early_elven_hall, uniq_duvessa, uniq_blork_the_orc,
          uniq_crazy_yiuf_cottage
D:7:      layout_basic, nicolae_overflow_hidden_temple,
          minmay_temple_entry_junction_2, enter_bailey_2, basic_altar,
          minmay_between
D:8:      layout_loops_cross, serial_shops, shop
D:9:      layout_grid_maze, kennysheep_mini, dpeg_oklobed_lair, uniq_gastronok,
          uniq_maurice, uniq_erica
D:10:     layout_small_grid
D:11:     layout_loops_ring, david_orc_5, grunt_pizzeria, amethyst_killhole,
          minmay_checkerbox
D:12:     layout_loops_ring
D:13:     layout_irregular_city, grunt_vaults_entry_tiered
D:14:     cheibrodos_leafed_vault, layout_gridville, fedhas_altar_2,
          uniq_frances
D:15:     grunt_enter_depths_magical_seal, layout_basic,
          hangedman_decor_growths, serial_shops, shop, uniq_roxanne
Lair:1:   layout_regular_city, grunt_megastairs_1, uniq_grum
Lair:2:   layout_misc_corridors, swamp_mist, grunt_forest_stairs_clearing
Lair:3:   layout_layer_cave, nicolae_spider_entry_orb_guardian,
          chequers_serial_rivers_large_a
Lair:4:   statuecave_lemuel, layout_big_grid, nicolae_volcano_entry_batcave,
          infiniplex_staircase_pool, minmay_lair_oklob_chamber
Lair:5:   layout_small_grid, gauntlet_entry_generic
Lair:6:   minmay_lair_end_enchanted_forest, layout_regular_city,
          dpeg_slime_entry_enclosed_altar, serial_bayou_shore_a
Swamp:1:  layout_falls_marsh, evilmike_swamp_ruin_rubble_1, swamp_pool3,
          uniq_donald, uniq_kirke
Swamp:2:  layout_basic_swamp, hangedman_swamp_lotus, swamp_pool4, uniq_nikola
Orc:1:    layout_caves
Orc:2:    st_orc_mages, layout_caves, serial_shops, shop

Skill      XL: |  1  2  3  4  5  6  7  8  9 10 11 12 13 14 15 16 17 |
---------------+----------------------------------------------------+-----
Fighting       | 4 5 6 7 8 9 11 13 | 13.1
Dodging        | 4 5 6 7 9 10 11 12 13 | 13.1
Polearms       | 6 8 10 | 10.1
Shields        | 2 4 7 9 10 11 12 | 12.0
Evocations     | 3 6 7 8 |  8.0
Axes           | 2 5 9 11 12 13 14 15 | 15.0
Throwing       | 4 8 10 | 10.0

Action                   |  1- 3 |  4- 6 |  7- 9 | 10-12 | 13-15 | 16-18 || total
-------------------------+-------+-------+-------+-------+-------+-------++-------
Melee: Spear             |    80 |    51 |       |       |       |       ||   131
       Tentacles         |     9 |    15 |    33 |   120 |   198 |   145 ||   520
       Constrict         |     7 |    25 |    38 |    51 |   112 |    79 ||   312
       Trident           |       |    99 |   231 |   292 |       |       ||   622
       Broad axe         |       |       |       |   242 |   866 |   523 ||  1631
Throw: Boomerang         |       |       |       |     9 |     1 |       ||    10
Invok: Berserk           |     2 |       |    10 |    15 |    18 |    13 ||    58
       Trog's Hand       |       |     1 |     4 |     6 |     6 |     6 ||    23
       Brothers in Arms  |       |       |       |     3 |     2 |       ||     5
Evoke: Wand              |       |       |       |     7 |     6 |     1 ||    14
  Use: Scroll            |     5 |     4 |     9 |     8 |    13 |     1 ||    40
       Potion            |       |       |     1 |     1 |     3 |       ||     5
 Stab: Sleeping          |     9 |     5 |     7 |     6 |    17 |     7 ||    51
       Paralysed         |       |       |       |     3 |     3 |       ||     6
       Distracted        |       |       |       |     1 |     1 |       ||     2
       Invisible         |       |       |       |       |     3 |       ||     3
  Eat: Chunk             |     2 |     7 |    23 |    47 |    43 |    20 ||   142
       Ration            |       |       |       |       |     5 |     4 ||     9
Armor: Skin              |     5 |     5 |     2 |    21 |    31 |     3 ||    67
Dodge: Dodged            |    40 |    74 |   117 |   287 |   431 |   254 ||  1203
Block: Buckler           |       |       |    23 |    44 |       |       ||    67
       Shield            |       |       |       |   129 |   468 |   284 ||   881

Table legend:
 A = Non-vault XP
 B = Vault XP
 C = Vault XP percentage of total XP
 D = Non-vault monster count
 E = Vault monster count
 F = Vault count percentage of total count
                 A         B        C        D         E       F
            +---------+---------+-------+---------+---------+-------
      Total |  125643 |   69686 |  35.7 |     661 |     274 |  29.3
            +---------+---------+-------+---------+---------+-------
        D:1 |      49 |       0 |   0.0 |      26 |       0 |   0.0
        D:2 |      72 |       0 |   0.0 |      15 |       0 |   0.0
        D:3 |     438 |      38 |   8.0 |      44 |      13 |  22.8
        D:4 |     741 |     220 |  22.9 |      24 |       1 |   4.0
        D:5 |     788 |       0 |   0.0 |      23 |       0 |   0.0
        D:6 |    1039 |    1111 |  51.7 |      29 |       7 |  19.4
        D:7 |     627 |     791 |  55.8 |      16 |       4 |  20.0
        D:8 |     578 |       0 |   0.0 |       7 |       0 |   0.0
        D:9 |    3601 |    3692 |  50.6 |      32 |       3 |   8.6
       D:10 |    3371 |       0 |   0.0 |      39 |       0 |   0.0
       D:11 |    4871 |    3279 |  40.2 |      24 |      26 |  52.0
       D:12 |    5848 |       0 |   0.0 |      22 |       0 |   0.0
       D:13 |    7068 |    9271 |  56.7 |      28 |      25 |  47.2
       D:14 |    9271 |   11290 |  54.9 |      37 |      21 |  36.2
       D:15 |   16152 |    9840 |  37.9 |      42 |      13 |  23.6
     Lair:1 |    5742 |     638 |  10.0 |      20 |       5 |  20.0
     Lair:2 |    8066 |     970 |  10.7 |      17 |       6 |  26.1
     Lair:3 |    1825 |     605 |  24.9 |       7 |       1 |  12.5
     Lair:4 |    4192 |    1134 |  21.3 |      19 |       5 |  20.8
     Lair:5 |    4984 |       0 |   0.0 |      22 |       0 |   0.0
     Lair:6 |   14582 |    7726 |  34.6 |      44 |      42 |  48.8
    Swamp:1 |   14751 |    4730 |  24.3 |      40 |       5 |  11.1
    Swamp:2 |    9144 |       0 |   0.0 |      23 |       0 |   0.0
      Orc:1 |     621 |       0 |   0.0 |      15 |       0 |   0.0
      Orc:2 |    7222 |    4897 |  40.4 |      46 |      41 |  47.1
     Bailey |       0 |    2784 | 100.0 |       0 |      40 | 100.0
    Volcano |       0 |    1502 | 100.0 |       0 |       4 | 100.0
   Gauntlet |       0 |    5168 | 100.0 |       0 |      12 | 100.0
            +---------+---------+-------+---------+---------+-------
